 Dungeon Crawl Stone Soup version 0.30-b1-2-g02819fbbbe (webtiles) character file.

Game seed: 8189286345164422201

1033 redmage the Frost Mage (level 8, -8/58 HPs)
             Began as a Meteoran Ice Elementalist on July 26, 2023.
             Was an Initiate of Sif Muna.
             Killed by nerve-wracking pain
             ... invoked by an orc priest
              (11 damage)
             ... on level 8 of the Dungeon.
             The game lasted 00:18:07 (900 turns).

redmage the Frost Mage (Meteoran Ice Elementalist)   Turns: 900, Time: 00:18:07

Health: -8/58      AC: 13    Str: 10    XL:     8   Next: 76%
Magic:  10/18      EV: 12    Int: 18    God:    Sif Muna [......]
Gold:   90         SH:  0    Dex: 15    Spells: 8/19 levels left

rFire   . . .        g - +0 glaive (venom)
rCold   . . .        (shield currently unavailable)
rNeg    . . .        a - +0 robe
rPois   .            (no helmet)
rElec   .            (no cloak)
rCorr   .            (no gloves)
SInv    .            (no boots)
Will    +....        (no amulet)
Stlth   +            f - +4 ring of protection
HPRegen 0.29/turn    (no ring)
MPRegen 0.16/turn

%: no passive effects
@: lethally poisoned (-8 -> -10), ice-armoured, very slightly contaminated,
glowing
A: sense surroundings 1, otherworldly, glowing, explore regen
a: Renounce Religion


You were on level 8 of the Dungeon.
You worshipped Sif Muna.
Sif Muna was noncommittal.
You visited 2 branches of the dungeon, and saw 9 of its levels.

You collected 90 gold pieces.

Inventory:

Hand Weapons
 e - a +1 spear of flaming
 g - a +0 glaive of venom (weapon)
Armour
 a - a +0 robe (worn)
Jewellery
 d - a ring of fire
 f - a +4 ring of protection (left hand)
Scrolls
 h - a scroll of fog {unknown}
 i - a scroll of immolation {unknown}
 j - 2 scrolls of teleportation {unknown}
 k - a scroll of fear
Potions
 b - a potion of magic
 c - a potion of mutation


   Skills:
 - Level 0.5 Fighting
 - Level 0.9 Armour
 - Level 2.5 Dodging
 - Level 1.4 Stealth
 - Level 6.0 Spellcasting
 - Level 4.0 Summonings
 + Level 8.4 Ice Magic
 + Level 3.6 Invocations


You had 8 spell levels left.
You knew the following spells:

 Your Spells              Type           Power      Damage    Failure   Level
a - Freeze                Ice            100%       1d10      1%          1
b - Frozen Ramparts       Ice            70%        1d11      1%          3
c - Ozocubu's Armour      Ice            35%        N/A       1%          3
d - Summon Ice Beast      Ice/Summ       27%        N/A       10%         4

Your spell library contained the following spells:

 Spells                   Type           Power      Damage    Failure   Level


Dungeon Overview and Level Annotations

Branches:
Dungeon (8/15) Zot: 3912   Temple (1/1) D:5 Zot: 572
   Lair: D:8-11

Altars:
Ashenzari
Cheibriados
Dithmenos
Elyvilon
Fedhas
Kikubaaqudgha
Makhleb
Nemelex Xobeh
Okawaru
Qazlal
Ru
Sif Muna
Trog
Uskayaw
Vehumet
Wu Jian
Xom
Yredelemnul
Zin

Annotations:
Temple 2 transporters


Innate Abilities, Weirdness & Mutations

You passively map a small area around you.
You are easily found by Zot.
You glow in the dark.
You regain HP and MP as you explore.


Message History

The orc priest hits you with a +0 dagger.
* * * LOW HITPOINT WARNING * * *
The orc hits you but does no damage. The orc barely misses you.
The wall freezes the orc priest.
The orc priest hits you but does no damage.
The wall freezes the water moccasin.
The water moccasin barely misses you. The orc completely misses you.
The orc hits you but does no damage.
The wall freezes the orc priest.
The orc priest begins to cast a cantrip, but forgets the words!
The wall freezes the orc priest but does no damage.
The orc priest hits you but does no damage.
The wall freezes the water moccasin!
You kill the water moccasin!
Sif Muna accepts your kill.
Training target 4.0 for Summonings reached!
Your Summonings skill increases to level 4!
Your Invocations skill increases to level 3!
Unknown command.
You closely miss the orc priest.
The orc priest is severely wounded.
* * * LOW HITPOINT WARNING * * *
You feel very sick.
The wall freezes the orc priest but does no damage.
The orc priest hits you but does no damage.
The orc hits you but does no damage. The orc completely misses you.
The wall freezes the orc priest!
You kill the orc priest!
Sif Muna accepts your kill. The orc closely misses you.
The orc barely misses you.
The wall freezes the orc priest.
The orc priest hits you with a +0 dagger.
* * * LOW HITPOINT WARNING * * *
You hit the orc priest but do no damage.
The orc priest is severely wounded.
The frozen ramparts melt away.
* * * LOW HITPOINT WARNING * * *
You feel sick.
The orc priest invokes the aid of Beogh against you.
Pain shoots through your body!
You die...

* * * , , * ,
, * ######
####* #...)#
....,
####..o.#..#*
* ......o@))#
* ####..)o###
######


You could see an orc priest and 2 orcs.

Vanquished Creatures
  A water moccasin (D:8)
  An orc warrior (D:6)
  2 black bears (D:4)
  A gnoll sergeant (D:5)
  A scorpion (D:4)
  A howler monkey (D:7)
  3 hounds
  An orc priest (D:8)
  2 iguanas
  5 orc wizards
  4 gnolls
  An ufetubus (D:5)
  2 worms
  2 dart slugs (D:4)
  16 orcs
  3 endoplasms
  A giant cockroach (D:4)
  3 hobgoblins
  8 jackals (D:4)
  A kobold (D:4)
  2 quokkas
  2 goblins
63 creatures vanquished.

Vanquished Creatures (collateral kills)
  2 howler monkeys (D:7)
  3 orcs
5 creatures vanquished.

Grand Total: 68 creatures vanquished

Notes
Turn   | Place    | Note
-------+----------+-------------------------------------------
     0 | D:1      | redmage the Meteoran Ice Elementalist began the quest for
                  | the Orb.
     0 | D:1      | Reached XP level 1. HP: 14/14 MP: 5/5
    59 | D:4      | Reached XP level 2. HP: 15/20 MP: 0/6
   144 | D:2      | Reached XP level 3. HP: 19/26 MP: 1/8
   145 | D:2      | Reached skill level 5 in Ice Magic
   145 | D:2      | Reached XP level 4. HP: 25/33 MP: 1/10
   159 | D:2      | Learned a level 3 spell: Frozen Ramparts
   163 | D:2      | Learned a level 3 spell: Ozocubu's Armour
   294 | D:5      | Entered Level 5 of the Dungeon
   294 | D:5      | Noticed an ogre
   296 | D:4      | Noticed a scorpion
   303 | D:4      | Killed a scorpion
   304 | D:4      | Reached skill level 6 in Ice Magic
   304 | D:4      | Reached XP level 5. HP: 27/38 MP: 2/12
   390 | D:4      | Noticed a black bear
   396 | D:4      | Killed a black bear
   397 | D:4      | Reached XP level 6. HP: 34/45 MP: 0/14
   401 | D:4      | Noticed a black bear
   403 | D:4      | Found a bloodstained altar of Trog.
   415 | D:4      | Killed a black bear
   416 | D:4      | Reached skill level 5 in Spellcasting
   416 | D:4      | Reached skill level 7 in Ice Magic
   457 | D:5      | Found a radiant altar of Vehumet.
   464 | D:5      | Reached XP level 7. HP: 44/50 MP: 8/15
   510 | D:4      | Learned a level 4 spell: Summon Ice Beast
   585 | D:5      | Found a staircase to the Ecumenical Temple.
   596 | Temple   | Entered the Ecumenical Temple
   596 | Temple   | Found a transporter.
   596 | Temple   | Found a transporter.
   598 | Temple   | Found a transporter.
   598 | Temple   | Found a transporter.
   609 | Temple   | Became a worshipper of Sif Muna the Loreminder
   646 | D:5      | Reached skill level 1 in Summonings
   682 | D:6      | Reached skill level 1 in Invocations
   682 | D:6      | Reached XP level 8. HP: 21/58 MP: 8/17
   828 | D:7      | Reached skill level 8 in Ice Magic
   900 | D:8      | Killed from afar by an orc priest

Illustrated notes

Levels and vault maps discovered:
D:1:      eino_arrival_cavern_d, layout_basic, minmay_stone_trees_medium,
          chequers_serial_rivers_small_b, minmay_quantized
D:2:      layout_loops_cross, serial_shops, shop
D:3:      cheibrodos_pilgrimage, layout_rooms
D:4:      layout_basic, trog_ov_bears_minmay
D:5:      minmay_spotlight, layout_loops_ring,
          worldfamousw_hep_ancestral_shrine, vehumet_crystals,
          minmay_temple_entry_glass
D:6:      layout_basic, grunt_gozag_breadcrumbs, serial_shops, shop
D:7:      layout_basic, nicolae_ossuary_entry_monument, serial_shops, shop,
          grunt_ministairs_4, minmay_unpleasant_kobolds, uniq_crazy_yiuf_cottage
D:8:      hangedman_cross_stitches, layout_rooms, hangedman_decor_growths,
          uniq_maurice
Temple:   hellmonk_temple_divided_pantheon

Skill      XL: |  1  2  3  4  5  6  7  8 |
---------------+-------------------------+-----
Spellcasting   | 3 4 5 6 |  6.0
Ice Magic      | 5 6 7 8 |  8.4
Summonings     | 2 4 |  4.0
Invocations    | 1 3 |  3.6
Fighting       | |  0.5
Armour         | |  0.9
Dodging        | |  2.5
Stealth        | |  1.4

Action                     |  1- 3 |  4- 6 |  7- 9 || total
---------------------------+-------+-------+-------++-------
  Melee: Unarmed           |       |     1 |       ||     1
         Spear             |       |       |    16 ||    16
         Glaive            |       |       |    14 ||    14
  Throw: Boomerang         |       |     3 |     8 ||    11
   Cast: Freeze            |    19 |    21 |    15 ||    55
         Frozen Ramparts   |       |     8 |    13 ||    21
         Ozocubu's Armour  |       |     4 |     4 ||     8
         Summon Ice Beast  |       |       |     4 ||     4
    Use: Scroll            |     1 |     1 |     1 ||     3
 Armour: Robe              |     2 |    15 |    31 ||    48
  Dodge: Dodged            |     5 |    17 |    19 ||    41
